Flyers vs Red Wings

Created - 16 mai 2022 at 13:55

Goals
1 2 3 T
Flyers 2 0 1 3
Red Wings 3 0 1 4
Shots
1 2 3 T
Flyers 11 8 7 26
Red Wings 15 8 14 37

1st period

1. Red Wings , John Tavares 4 (Oliver Bjorkstrand 6, Duncan Keith 3) at 5:05
2. Flyers , Calle Jarnkrok 3 (Jakub Vrana 5, Scott Laughton 3) at 5:17
3. Red Wings , David Pastrnak 6 (Mark Scheifele 7, Duncan Keith 4) at 5:33
4. Flyers , Anthony Cirelli 4 (Martin Necas 4) at 7:40
5. Red Wings , Zemgus Girgensons 2 (Zach Aston-Reese 2, David Pastrnak 7) at 13:00

Penalties :
Drew O'Connor (PHI) for Holding (Minor) at 1:20

2nd period

No Goal

Penalties :
Troy Stecher (DET) for Tripping (Minor) at 1:09, Lars Eller (DET) for Slashing (Minor) at 3:52, Lars Eller (DET) for Hooking (Minor) at 11:10

3rd period

6. Flyers , Calle Jarnkrok 4 (Jakub Vrana 6, Justin Holl 2) at 5:32
7. Red Wings , David Pastrnak 7 (Mark Scheifele 8, Connor Brown 5) at 6:10

Penalties :
No Penalty

Goalie Stats

Kevin Lankinen (PHI), 33 saves from 37 shots - (0,892), L, 1-1-0, 59:06 minutes
Marc-Andre Fleury (DET), 23 saves from 26 shots - (0,885), W, 4-3-1, 60:00 minutes

Players Stats for Flyers

Player Name              G  A  P  +/- PIM S  H  SB GA TA FO     MP     PP MP  PK MP  
------------------------------------------------------------------------------------
Aaron Ekblad             0  0  0  -1  0   2  1  0  0  1  0/0    24:47   3:32   0:00 
Anthony Cirelli          1  0  1  -1  0   3  1  0  0  1  7/12   19:01   2:42   0:52 
Calle Jarnkrok           2  0  2   1  0   2  0  1  0  0  0/0    13:40   0:00   1:07 
Drew O'Connor            0  0  0   0  2   1  0  0  0  1  0/0     7:20   0:00   0:00 
Dylan Cozens             0  0  0   0  0   0  0  0  0  0  0/0     7:14   0:00   0:00 
Gabriel Vilardi          0  0  0   0  0   5  0  0  0  0  1/1     7:14   0:00   0:00 
Jakub Vrana              0  2  2   1  0   1  1  0  1  0  0/0    12:33   0:00   0:00 
John Marino              0  0  0   0  0   1  2  1  0  1  0/0    20:59   2:25   0:55 
Justin Holl              0  1  1   0  0   0  1  3  0  1  0/0    18:16   2:25   1:20 
Kevin Fiala              0  0  0  -1  0   0  1  0  2  0  0/1    18:52   3:15   0:00 
Leon Draisaitl           0  0  0  -1  0   0  0  1  0  0  12/30  20:48   3:15   0:36 
MacKenzie Weegar         0  0  0  -1  0   0  2  2  2  0  0/0    24:24   3:32   0:00 
Martin Necas             0  1  1  -1  0   4  3  0  2  0  0/1    19:15   2:42   0:00 
Noah Hanifin             0  0  0   0  0   1  0  0  0  0  0/0    17:36   0:00   0:55 
Patrick Kane             0  0  0  -1  0   3  0  1  2  0  0/0    20:05   3:15   0:00 
Patrik Nemeth            0  0  0   0  0   0  0  1  0  3  0/0    14:14   0:00   1:04 
Scott Laughton           0  1  1   1  0   1  4  1  0  0  3/10   13:40   0:00   1:07 
Travis Konecny           0  0  0  -1  0   2  0  0  0  0  1/3    18:02   2:42   0:00 

Players Stats for Red Wings

Player Name              G  A  P  +/- PIM S  H  SB GA TA FO     MP     PP MP  PK MP  
------------------------------------------------------------------------------------
Anton Stralman           0  0  0  -1  0   1  1  2  0  1  0/0    20:55   0:49   3:08 
Connor Brown             0  1  1   1  0   0  2  0  1  1  0/0    18:20   0:53   0:00 
David Pastrnak           2  1  3   1  0   12 1  0  1  0  0/1    18:57   1:06   0:20 
Duncan Keith             0  2  2   2  0   0  2  0  1  2  0/0    22:54   1:10   2:49 
Dylan DeMelo             0  0  0  -1  0   1  1  1  0  2  0/0    20:55   0:49   3:08 
Haydn Fleury             0  0  0   0  0   0  1  0  0  1  0/0    16:11   0:00   0:00 
Jeff Petry               0  0  0   2  0   1  0  0  0  1  0/0    22:54   1:10   2:49 
John Tavares             1  0  1   0  0   2  3  0  1  0  9/22   17:13   1:06   0:00 
Jujhar Khaira            0  0  0  -1  0   0  1  0  0  0  2/4     8:37   0:00   2:40 
Lars Eller               0  0  0   0  4   1  1  0  0  1  1/1    17:01   0:53   0:00 
Mark Scheifele           0  2  2   1  0   5  1  0  1  0  15/22  18:37   1:06   0:00 
Nico Sturm               0  0  0  -1  0   0  0  1  1  0  0/0     6:14   0:00   0:40 
Noel Acciari             0  0  0   1  0   2  1  1  0  0  7/8    15:21   0:00   2:48 
Oliver Bjorkstrand       0  1  1   0  0   3  0  0  1  0  0/0    16:56   0:53   0:00 
Pat Maroon               0  0  0  -1  0   0  0  0  0  0  0/0     5:34   0:00   0:00 
Troy Stecher             0  0  0   0  2   1  0  0  0  0  0/0    16:25   0:00   0:00 
Zach Aston-Reese         0  1  1   1  0   1  2  1  1  0  0/0    15:29   0:00   2:48 
Zemgus Girgensons        1  0  1   1  0   7  2  0  0  0  0/0    15:27   0:00   2:38 

3 Stars

1 - David Pastrnak (DET)
2 - Calle Jarnkrok (PHI)
3 - Duncan Keith (DET)

Power Play

Flyers - 0 on 3 Attempt(s) - 0,00%
Red Wings - 0 on 1 Attempt(s) - 0,00%

Penalty Kill

Flyers - 1 on 1 Attempt(s) - 100,00% - Score 0 goal in Penalty Kill
Red Wings - 3 on 3 Attempt(s) - 100,00% - Score 0 goal in Penalty Kill

Team Stat

Flyers - Hits : 16 - Faceoff Wins : 24 - Blocked Shots : 11 - Penalty Minutes : 2
Red Wings - Hits : 19 - Faceoff Wins : 34 - Blocked Shots : 6 - Penalty Minutes : 6

Official

Referees : Ben O'Quinn and Graham Skilliter
Linesman : Andrew Smith and Steve Miller

Game Notes

No Game Note

Finance

Level 1 -- Attendance: 5218 (86,97%) -- Ticket Income 678 340 $
Level 2 -- Attendance: 4313 (86,26%) -- Ticket Income 366 605 $
Level 3 -- Attendance: 1893 (94,65%) -- Ticket Income 94 650 $
Level 4 -- Attendance: 4000 (100,00%) -- Ticket Income 100 000 $
Luxury Box -- Attendance: 818 (81,80%) -- Ticket Income 204 500 $
Game was played at the Octopus Arena.
Total Attendance: 16242 (90,23%)
Total Ticket Income: 1 444 095 $
Other Income: 707 607 $
Total Income: 2 151 702 $

Flyers

5 vs 5 Forward 
   Center                   Left Wing                Right Wing               Time % Phy DF OF 
 1 Leon Draisaitl           Patrick Kane             Kevin Fiala              34     0   3  2  
 2 Anthony Cirelli          Martin Necas             Travis Konecny           33     0   3  2  
 3 Scott Laughton           Jakub Vrana              Calle Jarnkrok           23     0   3  2  
 4 Gabriel Vilardi          Drew O'Connor            Dylan Cozens             10     0   3  2  

5 vs 5 Defense 
   Defense                  Defense                                           Time % Phy DF OF 
 1 Aaron Ekblad             MacKenzie Weegar                                  38     0   4  1  
 2 John Marino              Noah Hanifin                                      36     0   4  1  
 3 Patrik Nemeth            Justin Holl                                       26     0   5  0  
 4 Aaron Ekblad             Noah Hanifin                                      0      0   5  0  

PowerPlay Forward 
   Center                   Left Wing                Right Wing               Time % Phy DF OF 
 1 Leon Draisaitl           Patrick Kane             Kevin Fiala              60     0   0  5  
 2 Anthony Cirelli          Martin Necas             Travis Konecny           40     0   0  5  

PowerPlay Defense
   Defense                  Defense                                           Time % Phy DF OF 
 1 Aaron Ekblad             MacKenzie Weegar                                  60     0   1  4  
 2 John Marino              Justin Holl                                       40     0   1  4  

Penalty Kill 4 Players Forward 
   Center                   Wing                     Time % Phy DF OF 
 1 Scott Laughton           Calle Jarnkrok           60     1   4  0  
 2 Anthony Cirelli          Drew O'Connor            40     1   4  0  

Penalty Kill 4 Players Defense
   Defense                  Defense                  Time % Phy DF OF 
 1 Justin Holl              Patrik Nemeth            60     1   4  0  
 2 John Marino              Noah Hanifin             40     1   4  0  

Penalty Kill - 3 Players Forward 
   Forward                                           Time % Phy DF OF 
 1 Calle Jarnkrok                                    60     1   4  0  
 2 Scott Laughton                                    40     1   4  0  

Penalty Kill - 3 Players Defense
   Defense                  Defense                  Time % Phy DF OF 
 1 Justin Holl              Patrik Nemeth            60     1   4  0  
 2 John Marino              Noah Hanifin             40     1   4  0  

4 vs 4 Forward 
   Center                   Wing                     Time % Phy DF OF 
 1 Leon Draisaitl           Patrick Kane             60     0   2  3  
 2 Scott Laughton           Martin Necas             40     0   4  1  

4 vs 4 Defense
   Defense                  Defense                  Time % Phy DF OF 
 1 Aaron Ekblad             MacKenzie Weegar         60     0   4  1  
 2 John Marino              Justin Holl              40     0   4  1  

Last Minutes Offensive
   Center                   Left Wing                Right Wing               Defense                  Defense                  
   Leon Draisaitl           Patrick Kane             Martin Necas             Aaron Ekblad             MacKenzie Weegar         

Last Minutes Defensive
   Center                   Left Wing                Right Wing               Defense                  Defense                  
   Scott Laughton           Justin Holl              Calle Jarnkrok           Aaron Ekblad             MacKenzie Weegar         

Goaltenders
Starting : Kevin Lankinen           
Backup : Ilya Samsonov            

Extra Forwards
Normal : Jakub Vrana, Calle Jarnkrok, Scott Laughton - PP : Jakub Vrana, Calle Jarnkrok - PK : Justin Holl
Extra Defensemen
Normal : Justin Holl, Noah Hanifin, Patrik Nemeth - PP : Noah Hanifin - PK : Aaron Ekblad, MacKenzie Weegar
Penalty Shots
Leon Draisaitl, Patrick Kane, Jakub Vrana, Travis Konecny, Calle Jarnkrok
Custom OT Lines Forwards
Leon Draisaitl, Patrick Kane, Kevin Fiala, Anthony Cirelli, Justin Holl, Martin Necas, Calle Jarnkrok, Travis Konecny, Jakub Vrana, Scott Laughton
Custom OT Lines Defensemen
Aaron Ekblad, Noah Hanifin, MacKenzie Weegar, Justin Holl, John Marino

Scratches
Wade Allison (Healthy), Justin Schultz (Healthy)

Red Wings

5 vs 5 Forward 
   Center                   Left Wing                Right Wing               Time % Phy DF OF 
 1 Mark Scheifele           David Pastrnak           Connor Brown             36     0   1  4  
 2 John Tavares             Lars Eller               Oliver Bjorkstrand       36     1   2  2  
 3 Noel Acciari             Zemgus Girgensons        Zach Aston-Reese         20     1   2  2  
 4 Jujhar Khaira            Nico Sturm               Pat Maroon               8      1   2  2  

5 vs 5 Defense 
   Defense                  Defense                                           Time % Phy DF OF 
 1 Duncan Keith             Jeff Petry                                        34     0   3  2  
 2 Anton Stralman           Dylan DeMelo                                      33     0   3  2  
 3 Haydn Fleury             Troy Stecher                                      33     0   4  1  
 4 Duncan Keith             Dylan DeMelo                                      0      1   2  2  

PowerPlay Forward 
   Center                   Left Wing                Right Wing               Time % Phy DF OF 
 1 John Tavares             David Pastrnak           Mark Scheifele           70     0   1  4  
 2 Lars Eller               Connor Brown             Oliver Bjorkstrand       30     0   2  3  

PowerPlay Defense
   Defense                  Defense                                           Time % Phy DF OF 
 1 Duncan Keith             Jeff Petry                                        70     0   3  2  
 2 Anton Stralman           Dylan DeMelo                                      30     0   3  2  

Penalty Kill 4 Players Forward 
   Center                   Wing                     Time % Phy DF OF 
 1 Noel Acciari             Zach Aston-Reese         50     0   4  1  
 2 Jujhar Khaira            Zemgus Girgensons        50     0   4  1  

Penalty Kill 4 Players Defense
   Defense                  Defense                  Time % Phy DF OF 
 1 Duncan Keith             Jeff Petry               50     0   4  1  
 2 Anton Stralman           Dylan DeMelo             50     0   4  1  

Penalty Kill - 3 Players Forward 
   Forward                                           Time % Phy DF OF 
 1 Noel Acciari                                      50     0   5  0  
 2 Jujhar Khaira                                     50     0   5  0  

Penalty Kill - 3 Players Defense
   Defense                  Defense                  Time % Phy DF OF 
 1 Duncan Keith             Jeff Petry               50     0   5  0  
 2 Anton Stralman           Dylan DeMelo             50     0   5  0  

4 vs 4 Forward 
   Center                   Wing                     Time % Phy DF OF 
 1 Mark Scheifele           David Pastrnak           50     0   2  3  
 2 John Tavares             Connor Brown             50     0   2  3  

4 vs 4 Defense
   Defense                  Defense                  Time % Phy DF OF 
 1 Duncan Keith             Jeff Petry               50     0   3  2  
 2 Anton Stralman           Dylan DeMelo             50     0   3  2  

Last Minutes Offensive
   Center                   Left Wing                Right Wing               Defense                  Defense                  
   Mark Scheifele           David Pastrnak           Connor Brown             Duncan Keith             Jeff Petry               

Last Minutes Defensive
   Center                   Left Wing                Right Wing               Defense                  Defense                  
   Noel Acciari             Zach Aston-Reese         Zemgus Girgensons        Duncan Keith             Jeff Petry               

Goaltenders
Starting : Marc-Andre Fleury        
Backup : Mikko Koskinen           

Extra Forwards
Normal : Noel Acciari, Jujhar Khaira, Zach Aston-Reese - PP : Noel Acciari, Jujhar Khaira - PK : Nico Sturm
Extra Defensemen
Normal : Haydn Fleury, Troy Stecher, Anton Stralman - PP : Troy Stecher - PK : Troy Stecher, Haydn Fleury
Penalty Shots
Mark Scheifele, John Tavares, David Pastrnak, Connor Brown, Lars Eller
Custom OT Lines Forwards
Mark Scheifele, John Tavares, David Pastrnak, Connor Brown, Lars Eller, Oliver Bjorkstrand, Zach Aston-Reese, Jujhar Khaira, Noel Acciari, Zemgus Girgensons
Custom OT Lines Defensemen
Duncan Keith, Jeff Petry, Anton Stralman, Dylan DeMelo, Haydn Fleury

Scratches
Andreas Johnsson (Healthy), Scott Harrington (Healthy)

% Time on Ice - Flyers

Lines # - Real PCT - Wanted PCT - Time Play
Normal Forward
1 - 31% - 34% - 15:37
2 - 30% - 33% - 15:27
3 - 25% - 23% - 12:33
4 - 14% - 10% - 7:14
Normal Defense
1 - 39% - 38% - 20:05
2 - 35% - 36% - 17:39
3 - 25% - 26% - 12:44
4 - 1% - 0% - 0:23
PP Forward
1 - 55% - 60% - 3:15
2 - 45% - 40% - 2:42
PP Defense
1 - 59% - 60% - 3:32
2 - 41% - 40% - 2:25
PK Forward
1 - 56% - 60% - 1:07
2 - 44% - 40% - 0:52
PK Defense
1 - 54% - 60% - 1:04
2 - 46% - 40% - 0:55
PK3 Forward
1 - 0% - 60%
2 - 0% - 40%
PK3 Defense
1 - 0% - 60%
2 - 0% - 40%
44 Forward
1 - 0% - 60%
2 - 0% - 40%
44 Defense
1 - 0% - 60%
2 - 0% - 40%
Last Minute Offensive  - 1:13
Last Minute Defensive  - 0:00
Total
Forward - 60:00
Defense - 60:00

% Time on Ice - Red Wings

Lines # - Real PCT - Wanted PCT - Time Play
Normal Forward
1 - 35% - 36% - 17:38
2 - 32% - 36% - 16:26
3 - 22% - 20% - 11:16
4 - 11% - 8% - 5:34
Normal Defense
1 - 35% - 34% - 17:50
2 - 33% - 33% - 16:58
3 - 32% - 33% - 16:06
4 - 0% - 0% - 0:00
PP Forward
1 - 55% - 70% - 1:06
2 - 45% - 30% - 0:53
PP Defense
1 - 59% - 70% - 1:10
2 - 41% - 30% - 0:49
PK Forward
1 - 53% - 50% - 3:08
2 - 47% - 50% - 2:49
PK Defense
1 - 47% - 50% - 2:49
2 - 53% - 50% - 3:08
PK3 Forward
1 - 0% - 50%
2 - 0% - 50%
PK3 Defense
1 - 0% - 50%
2 - 0% - 50%
44 Forward
1 - 0% - 50%
2 - 0% - 50%
44 Defense
1 - 0% - 50%
2 - 0% - 50%
Last Minute Offensive  - 0:00
Last Minute Defensive  - 1:10
Total
Forward - 60:00
Defense - 60:00

Play-by-Play

1st period


0:01 of 1st period - Leon Draisaitl wins face-off versus Mark Scheifele in neutral zone.
0:26 of 1st period - Lars Eller is hit by Martin Necas and loses puck.
0:55 of 1st period - Wrist shot by Jakub Vrana.
0:55 of 1st period - Shot Blocked by Dylan DeMelo.
0:57 of 1st period - Slapshot by Aaron Ekblad.
0:57 of 1st period - Deflect By Zach Aston-Reese.
0:57 of 1st period - Stopped by Marc-Andre Fleury with a rebound.
1:20 of 1st period - Minor Penalty to Drew O'Connor for Holding.
1:21 of 1st period - Scott Laughton wins face-off versus John Tavares in Flyers zone.
2:07 of 1st period - Slapshot by Anthony Cirelli.
2:07 of 1st period - Deflect By Leon Draisaitl.
2:07 of 1st period - Shot Misses the Net.
2:07 of 1st period - Puck is out of play.
2:08 of 1st period - Anthony Cirelli wins face-off versus John Tavares in Red Wings zone.
2:09 of 1st period - Snap shot by Leon Draisaitl.
2:09 of 1st period - Shot Hit the Post.
2:55 of 1st period - David Pastrnak is hit by John Marino and loses puck.
3:20 of 1st period - Penalty to Drew O'Connor is over, Drew O'Connor is back on ice.
3:30 of 1st period - Noel Acciari is hit by MacKenzie Weegar and loses puck.
3:35 of 1st period - Slapshot by Leon Draisaitl.
3:35 of 1st period - Deflect By Kevin Fiala.
3:35 of 1st period - Shot Misses the Net.
3:35 of 1st period - Puck is out of play.
3:36 of 1st period - Noel Acciari wins face-off versus Leon Draisaitl in Red Wings zone.
3:43 of 1st period - Snap shot by Zach Aston-Reese.
3:43 of 1st period - Stopped by Kevin Lankinen with a rebound.
3:51 of 1st period - Slapshot by Zemgus Girgensons.
3:51 of 1st period - Deflect By Noel Acciari.
3:51 of 1st period - Shot Misses the Net.
3:51 of 1st period - Puck is out of play.
3:52 of 1st period - Anthony Cirelli wins face-off versus John Tavares in Flyers zone.
4:11 of 1st period - Lars Eller is hit by Martin Necas.
4:45 of 1st period - Backhand shot by Gabriel Vilardi.
4:45 of 1st period - Shot Blocked by Noel Acciari.
4:47 of 1st period - Snap shot by Drew O'Connor.
4:47 of 1st period - Stopped by Marc-Andre Fleury with a rebound.
4:49 of 1st period - Snap shot by Drew O'Connor.
4:49 of 1st period - Deflect By Gabriel Vilardi.
4:49 of 1st period - Stopped by Marc-Andre Fleury without a rebound.
4:50 of 1st period - Anthony Cirelli wins face-off versus John Tavares in Red Wings zone.
5:05 of 1st period - Wrist shot by John Tavares.
5:05 of 1st period - Goal by John Tavares - Flyers : 0 - Red Wings : 1.
5:06 of 1st period - Scott Laughton wins face-off versus David Pastrnak in neutral zone.
5:17 of 1st period - Snap shot by Calle Jarnkrok.
5:17 of 1st period - Deflect By Dylan DeMelo.
5:17 of 1st period - Goal by Calle Jarnkrok - Flyers : 1 - Red Wings : 1.
5:18 of 1st period - Leon Draisaitl wins face-off versus Mark Scheifele in neutral zone.
5:33 of 1st period - Snap shot by David Pastrnak.
5:33 of 1st period - Goal by David Pastrnak - Flyers : 1 - Red Wings : 2.
5:34 of 1st period - Anthony Cirelli wins face-off versus John Tavares in neutral zone.
6:23 of 1st period - Wrist shot by Zemgus Girgensons.
6:23 of 1st period - Shot Blocked by Justin Holl.
6:25 of 1st period - Snap shot by Zemgus Girgensons.
6:25 of 1st period - Stopped by Kevin Lankinen with a rebound.
6:27 of 1st period - Slapshot by Haydn Fleury.
6:27 of 1st period - Deflect By Zemgus Girgensons.
6:27 of 1st period - Shot Blocked by Justin Holl.
6:27 of 1st period - Puck is out of play.
6:28 of 1st period - Anthony Cirelli wins face-off versus John Tavares in Flyers zone.
6:53 of 1st period - Troy Stecher is hit by John Marino and loses puck.
7:22 of 1st period - Jujhar Khaira is hit by Jakub Vrana and loses puck.
7:30 of 1st period - Icing by Troy Stecher.
7:31 of 1st period - Gabriel Vilardi wins face-off versus Jujhar Khaira in Red Wings zone.
7:34 of 1st period - Snap shot by Drew O'Connor.
7:34 of 1st period - Shot Misses the Net.
7:36 of 1st period - Snap shot by Anthony Cirelli.
7:36 of 1st period - Stopped by Marc-Andre Fleury without a rebound.
7:37 of 1st period - Anthony Cirelli wins face-off versus John Tavares in Red Wings zone.
7:40 of 1st period - Wrist shot by Anthony Cirelli.
7:40 of 1st period - Goal by Anthony Cirelli - Flyers : 2 - Red Wings : 2.
7:41 of 1st period - Leon Draisaitl wins face-off versus John Tavares in neutral zone.
8:17 of 1st period - Snap shot by Anthony Cirelli.
8:17 of 1st period - Stopped by Marc-Andre Fleury with a rebound.
8:31 of 1st period - Wrist shot by Zemgus Girgensons.
8:31 of 1st period - Stopped by Kevin Lankinen without a rebound.
8:32 of 1st period - Noel Acciari wins face-off versus Scott Laughton in Flyers zone.
8:57 of 1st period - Calle Jarnkrok is hit by Mark Scheifele and loses puck.
9:26 of 1st period - Wrist shot by Pat Maroon.
9:26 of 1st period - Shot Misses the Net.
9:28 of 1st period - Slapshot by Jeff Petry.
9:28 of 1st period - Stopped by Kevin Lankinen without a rebound.
9:29 of 1st period - Leon Draisaitl wins face-off versus John Tavares in Flyers zone.
10:07 of 1st period - Snap shot by Gabriel Vilardi.
10:07 of 1st period - Stopped by Marc-Andre Fleury with a rebound.
10:21 of 1st period - Snap shot by Zemgus Girgensons.
10:21 of 1st period - Shot Misses the Net.
10:23 of 1st period - Slapshot by Troy Stecher.
10:23 of 1st period - Stopped by Kevin Lankinen with a rebound.
10:26 of 1st period - Icing by Justin Holl.
10:27 of 1st period - Anthony Cirelli wins face-off versus John Tavares in Flyers zone.
10:42 of 1st period - Troy Stecher is hit by Anthony Cirelli and loses puck.
11:21 of 1st period - Snap shot by Oliver Bjorkstrand.
11:21 of 1st period - Shot Hit the Post.
11:53 of 1st period - Slapshot by Oliver Bjorkstrand.
11:53 of 1st period - Stopped by Kevin Lankinen with a rebound.
12:20 of 1st period - Wrist shot by Martin Necas.
12:20 of 1st period - Shot Misses the Net.
12:22 of 1st period - Slapshot by Justin Holl.
12:22 of 1st period - Deflect By Martin Necas.
12:22 of 1st period - Stopped by Marc-Andre Fleury without a rebound.
12:23 of 1st period - Mark Scheifele wins face-off versus Leon Draisaitl in Red Wings zone.
12:32 of 1st period - Wrist shot by David Pastrnak.
12:32 of 1st period - Stopped by Kevin Lankinen with a rebound.
12:34 of 1st period - Slapshot by Dylan DeMelo.
12:34 of 1st period - Shot Blocked by MacKenzie Weegar.
13:00 of 1st period - Snap shot by Zemgus Girgensons.
13:00 of 1st period - Goal by Zemgus Girgensons - Flyers : 2 - Red Wings : 3.
13:01 of 1st period - Leon Draisaitl wins face-off versus Mark Scheifele in neutral zone.
14:16 of 1st period - Wrist shot by David Pastrnak.
14:16 of 1st period - Stopped by Kevin Lankinen without a rebound.
14:17 of 1st period - Mark Scheifele wins face-off versus Leon Draisaitl in Flyers zone.
14:30 of 1st period - Wrist shot by Mark Scheifele.
14:30 of 1st period - Deflect By David Pastrnak.
14:30 of 1st period - Stopped by Kevin Lankinen without a rebound.
14:31 of 1st period - Leon Draisaitl wins face-off versus Mark Scheifele in Flyers zone.
14:48 of 1st period - Snap shot by David Pastrnak.
14:48 of 1st period - Stopped by Kevin Lankinen with a rebound.
15:14 of 1st period - Snap shot by Patrick Kane.
15:14 of 1st period - Shot Misses the Net.
15:25 of 1st period - Off-side.
15:26 of 1st period - Mark Scheifele wins face-off versus Scott Laughton in neutral zone.
15:35 of 1st period - Slapshot by David Pastrnak.
15:35 of 1st period - Shot Misses the Net.
15:40 of 1st period - Off-side.
15:41 of 1st period - Lars Eller wins face-off versus Travis Konecny in neutral zone.
17:47 of 1st period - Icing by Patrik Nemeth.
17:48 of 1st period - Scott Laughton wins face-off versus Mark Scheifele in Flyers zone.
17:54 of 1st period - Off-side.
17:55 of 1st period - Leon Draisaitl wins face-off versus John Tavares in neutral zone.
18:06 of 1st period - Wrist shot by Kevin Fiala.
18:06 of 1st period - Shot Misses the Net.
18:24 of 1st period - Wrist shot by Patrick Kane.
18:24 of 1st period - Stopped by Marc-Andre Fleury without a rebound.
18:25 of 1st period - Mark Scheifele wins face-off versus Anthony Cirelli in Red Wings zone.
18:32 of 1st period - Snap shot by David Pastrnak.
18:32 of 1st period - Stopped by Kevin Lankinen with a rebound.
19:16 of 1st period - Snap shot by David Pastrnak.
19:16 of 1st period - Shot Misses the Net.
19:27 of 1st period - Slapshot by MacKenzie Weegar.
19:27 of 1st period - Deflect By Martin Necas.
19:27 of 1st period - Stopped by Marc-Andre Fleury with a rebound.
19:51 of 1st period - Snap shot by Mark Scheifele.
19:51 of 1st period - Stopped by Kevin Lankinen with a rebound.
Goals for this period are 2 for Flyers vs 3 for Red Wings.
Shots for this period are 11 for Flyers vs 15 for Red Wings.

2nd period


0:01 of 2nd period - John Tavares wins face-off versus Kevin Fiala in neutral zone.
0:16 of 2nd period - Snap shot by Patrick Kane.
0:16 of 2nd period - Stopped by Marc-Andre Fleury with a rebound.
0:52 of 2nd period - Noah Hanifin is hit by Noel Acciari and loses puck.
1:09 of 2nd period - Minor Penalty to Troy Stecher for Tripping.
1:10 of 2nd period - Jujhar Khaira wins face-off versus Leon Draisaitl in Red Wings zone.
2:07 of 2nd period - Anthony Cirelli is hit by Jujhar Khaira and loses puck.
3:09 of 2nd period - Penalty to Troy Stecher is over, Troy Stecher is back on ice.
3:22 of 2nd period - Jujhar Khaira is hit by Justin Holl and loses puck.
3:52 of 2nd period - Minor Penalty to Lars Eller for Slashing.
3:53 of 2nd period - Noel Acciari wins face-off versus Leon Draisaitl in Red Wings zone.
3:58 of 2nd period - Patrick Kane is hit by Anton Stralman and loses puck.
4:33 of 2nd period - Martin Necas is hit by Zach Aston-Reese and loses puck.
5:52 of 2nd period - Penalty to Lars Eller is over, Lars Eller is back on ice.
6:04 of 2nd period - Mark Scheifele is hit by Scott Laughton and loses puck.
6:12 of 2nd period - Snap shot by Connor Brown.
6:12 of 2nd period - Shot Blocked by Scott Laughton.
6:14 of 2nd period - Wrist shot by David Pastrnak.
6:14 of 2nd period - Shot Blocked by Justin Holl.
6:24 of 2nd period - Drew O'Connor is hit by John Tavares and loses puck.
6:46 of 2nd period - Icing by Jeff Petry.
6:47 of 2nd period - Mark Scheifele wins face-off versus Leon Draisaitl in Red Wings zone.
7:59 of 2nd period - Snap shot by Gabriel Vilardi.
7:59 of 2nd period - Stopped by Marc-Andre Fleury with a rebound.
8:01 of 2nd period - Snap shot by MacKenzie Weegar.
8:01 of 2nd period - Deflect By Drew O'Connor.
8:01 of 2nd period - Shot Misses the Net.
8:01 of 2nd period - Puck is out of play.
8:02 of 2nd period - John Tavares wins face-off versus Leon Draisaitl in Red Wings zone.
8:11 of 2nd period - Wrist shot by Oliver Bjorkstrand.
8:11 of 2nd period - Stopped by Kevin Lankinen with a rebound.
8:13 of 2nd period - Snap shot by John Tavares.
8:13 of 2nd period - Deflect By Oliver Bjorkstrand.
8:13 of 2nd period - Stopped by Kevin Lankinen with a rebound.
8:15 of 2nd period - Slapshot by Troy Stecher.
8:15 of 2nd period - Shot Blocked by John Marino.
8:17 of 2nd period - Wrist shot by Lars Eller.
8:17 of 2nd period - Stopped by Kevin Lankinen with a rebound.
8:45 of 2nd period - Icing by Patrik Nemeth.
8:46 of 2nd period - Noel Acciari wins face-off versus Anthony Cirelli in Flyers zone.
8:59 of 2nd period - Wrist shot by Martin Necas.
8:59 of 2nd period - Stopped by Marc-Andre Fleury without a rebound.
9:00 of 2nd period - Leon Draisaitl wins face-off versus Mark Scheifele in Red Wings zone.
9:42 of 2nd period - Dylan DeMelo is hit by Scott Laughton and loses puck.
11:10 of 2nd period - Minor Penalty to Lars Eller for Hooking.
11:11 of 2nd period - Jujhar Khaira wins face-off versus Leon Draisaitl in Red Wings zone.
11:44 of 2nd period - Snap shot by Travis Konecny.
11:44 of 2nd period - Shot Misses the Net.
11:46 of 2nd period - Slapshot by Aaron Ekblad.
11:46 of 2nd period - Stopped by Marc-Andre Fleury without a rebound.
11:47 of 2nd period - Leon Draisaitl wins face-off versus Jujhar Khaira in Red Wings zone.
13:10 of 2nd period - Penalty to Lars Eller is over, Lars Eller is back on ice.
13:25 of 2nd period - Duncan Keith is hit by MacKenzie Weegar.
13:41 of 2nd period - Slapshot by Aaron Ekblad.
13:41 of 2nd period - Shot Misses the Net.
13:43 of 2nd period - Snap shot by Gabriel Vilardi.
13:43 of 2nd period - Stopped by Marc-Andre Fleury with a rebound.
13:59 of 2nd period - Wrist shot by David Pastrnak.
13:59 of 2nd period - Shot Misses the Net.
14:01 of 2nd period - Wrist shot by Troy Stecher.
14:01 of 2nd period - Shot Misses the Net.
14:46 of 2nd period - Snap shot by Drew O'Connor.
14:46 of 2nd period - Shot Misses the Net.
14:48 of 2nd period - Slapshot by Noah Hanifin.
14:48 of 2nd period - Stopped by Marc-Andre Fleury without a rebound.
14:49 of 2nd period - Mark Scheifele wins face-off versus Leon Draisaitl in Red Wings zone.
15:04 of 2nd period - Wrist shot by Patrick Kane.
15:04 of 2nd period - Deflect By Jeff Petry.
15:04 of 2nd period - Shot Misses the Net.
15:04 of 2nd period - Puck is out of play.
15:05 of 2nd period - John Tavares wins face-off versus Anthony Cirelli in Red Wings zone.
15:32 of 2nd period - Wrist shot by Noel Acciari.
15:32 of 2nd period - Stopped by Kevin Lankinen without a rebound.
15:33 of 2nd period - Noel Acciari wins face-off versus Leon Draisaitl in Flyers zone.
15:34 of 2nd period - Wrist shot by Zach Aston-Reese.
15:34 of 2nd period - Shot Blocked by Leon Draisaitl.
15:40 of 2nd period - Wrist shot by Noel Acciari.
15:40 of 2nd period - Stopped by Kevin Lankinen without a rebound.
15:41 of 2nd period - John Tavares wins face-off versus Leon Draisaitl in Flyers zone.
15:46 of 2nd period - Snap shot by John Tavares.
15:46 of 2nd period - Shot Misses the Net.
15:48 of 2nd period - Slapshot by Anton Stralman.
15:48 of 2nd period - Shot Misses the Net.
15:50 of 2nd period - Slapshot by Dylan DeMelo.
15:50 of 2nd period - Shot Misses the Net.
15:52 of 2nd period - Slapshot by Anton Stralman.
15:52 of 2nd period - Deflect By Leon Draisaitl.
15:52 of 2nd period - Stopped by Kevin Lankinen without a rebound.
15:53 of 2nd period - Mark Scheifele wins face-off versus Leon Draisaitl in Flyers zone.
16:26 of 2nd period - Slapshot by John Tavares.
16:26 of 2nd period - Shot Misses the Net.
16:28 of 2nd period - Slapshot by Lars Eller.
16:28 of 2nd period - Shot Misses the Net.
16:42 of 2nd period - Slapshot by Travis Konecny.
16:42 of 2nd period - Shot Blocked by Anton Stralman.
16:44 of 2nd period - Wrist shot by Noah Hanifin.
16:44 of 2nd period - Shot Hit the Post.
16:46 of 2nd period - Snap shot by Scott Laughton.
16:46 of 2nd period - Stopped by Marc-Andre Fleury without a rebound.
16:47 of 2nd period - Mark Scheifele wins face-off versus Scott Laughton in Red Wings zone.
17:03 of 2nd period - Wrist shot by David Pastrnak.
17:03 of 2nd period - Stopped by Kevin Lankinen without a rebound.
17:04 of 2nd period - Leon Draisaitl wins face-off versus John Tavares in Flyers zone.
17:04 of 2nd period - Leon Draisaitl is hit by Lars Eller.
17:51 of 2nd period - Calle Jarnkrok is hit by Zemgus Girgensons and loses puck.
18:00 of 2nd period - Wrist shot by Jakub Vrana.
18:00 of 2nd period - Shot Blocked by Zach Aston-Reese.
18:19 of 2nd period - Pat Maroon is hit by Kevin Fiala and loses puck.
18:35 of 2nd period - Slapshot by Mark Scheifele.
18:35 of 2nd period - Stopped by Kevin Lankinen with a rebound.
18:43 of 2nd period - Slapshot by John Marino.
18:43 of 2nd period - Deflect By Martin Necas.
18:43 of 2nd period - Shot Misses the Net.
18:43 of 2nd period - Puck is out of play.
18:44 of 2nd period - John Tavares wins face-off versus Travis Konecny in Red Wings zone.
19:22 of 2nd period - Aaron Ekblad is hit by David Pastrnak and loses puck.
19:37 of 2nd period - Slapshot by Calle Jarnkrok.
19:37 of 2nd period - Shot Misses the Net.
19:39 of 2nd period - Snap shot by Jakub Vrana.
19:39 of 2nd period - Stopped by Marc-Andre Fleury without a rebound.
19:40 of 2nd period - John Tavares wins face-off versus Scott Laughton in Red Wings zone.
Goals for this period are 0 for Flyers vs 0 for Red Wings.
Shots for this period are 8 for Flyers vs 8 for Red Wings.

3rd period


0:01 of 3rd period - John Tavares wins face-off versus Leon Draisaitl in neutral zone.
0:11 of 3rd period - Snap shot by Patrick Kane.
0:11 of 3rd period - Shot Misses the Net.
0:25 of 3rd period - Travis Konecny is hit by Connor Brown and loses puck.
1:19 of 3rd period - Snap shot by Gabriel Vilardi.
1:19 of 3rd period - Stopped by Marc-Andre Fleury with a rebound.
1:56 of 3rd period - Icing by David Pastrnak.
1:57 of 3rd period - Mark Scheifele wins face-off versus Leon Draisaitl in Red Wings zone.
3:48 of 3rd period - John Marino is hit by Duncan Keith and loses puck.
4:07 of 3rd period - Wrist shot by Calle Jarnkrok.
4:07 of 3rd period - Shot Misses the Net.
4:09 of 3rd period - Slapshot by John Marino.
4:09 of 3rd period - Deflect By Zemgus Girgensons.
4:09 of 3rd period - Stopped by Marc-Andre Fleury without a rebound.
4:10 of 3rd period - Mark Scheifele wins face-off versus Leon Draisaitl in Red Wings zone.
5:02 of 3rd period - Slapshot by Zemgus Girgensons.
5:02 of 3rd period - Shot Blocked by Patrik Nemeth.
5:04 of 3rd period - Snap shot by Zemgus Girgensons.
5:04 of 3rd period - Stopped by Kevin Lankinen with a rebound.
5:06 of 3rd period - Backhand shot by Zach Aston-Reese.
5:06 of 3rd period - Shot Misses the Net.
5:16 of 3rd period - Justin Holl is hit by Connor Brown and loses puck.
5:32 of 3rd period - Snap shot by Calle Jarnkrok.
5:32 of 3rd period - Goal by Calle Jarnkrok - Flyers : 3 - Red Wings : 3.
5:33 of 3rd period - Leon Draisaitl wins face-off versus John Tavares in neutral zone.
6:00 of 3rd period - Off-side.
6:01 of 3rd period - Mark Scheifele wins face-off versus Anthony Cirelli in neutral zone.
6:10 of 3rd period - Backhand shot by David Pastrnak.
6:10 of 3rd period - Goal by David Pastrnak - Flyers : 3 - Red Wings : 4.
6:11 of 3rd period - John Tavares wins face-off versus Leon Draisaitl in neutral zone.
6:14 of 3rd period - Kevin Fiala is hit by John Tavares and loses puck.
6:22 of 3rd period - Noah Hanifin is hit by Dylan DeMelo.
7:14 of 3rd period - Wrist shot by David Pastrnak.
7:14 of 3rd period - Stopped by Kevin Lankinen with a rebound.
7:16 of 3rd period - Slapshot by Haydn Fleury.
7:16 of 3rd period - Shot Misses the Net.
7:36 of 3rd period - Wrist shot by Zemgus Girgensons.
7:36 of 3rd period - Stopped by Kevin Lankinen with a rebound.
7:38 of 3rd period - Slapshot by Jeff Petry.
7:38 of 3rd period - Shot Blocked by Patrick Kane.
7:40 of 3rd period - Slapshot by Noel Acciari.
7:40 of 3rd period - Shot Misses the Net.
9:08 of 3rd period - Wrist shot by Lars Eller.
9:08 of 3rd period - Shot Misses the Net.
9:46 of 3rd period - Troy Stecher is hit by Scott Laughton and loses puck.
10:09 of 3rd period - Snap shot by John Tavares.
10:09 of 3rd period - Stopped by Kevin Lankinen without a rebound.
10:10 of 3rd period - John Tavares wins face-off versus Leon Draisaitl in Flyers zone.
11:00 of 3rd period - Aaron Ekblad is hit by Haydn Fleury and loses puck.
11:07 of 3rd period - Wrist shot by Mark Scheifele.
11:07 of 3rd period - Deflect By Aaron Ekblad.
11:07 of 3rd period - Stopped by Kevin Lankinen without a rebound.
11:08 of 3rd period - Leon Draisaitl wins face-off versus Mark Scheifele in Flyers zone.
11:21 of 3rd period - Slapshot by Patrick Kane.
11:21 of 3rd period - Stopped by Marc-Andre Fleury without a rebound.
11:22 of 3rd period - Mark Scheifele wins face-off versus Leon Draisaitl in Red Wings zone.
12:13 of 3rd period - Snap shot by Patrick Kane.
12:13 of 3rd period - Shot Blocked by Anton Stralman.
12:34 of 3rd period - Snap shot by Zemgus Girgensons.
12:34 of 3rd period - Stopped by Kevin Lankinen with a rebound.
12:50 of 3rd period - Slapshot by Anton Stralman.
12:50 of 3rd period - Shot Misses the Net.
12:57 of 3rd period - Icing by Dylan DeMelo.
12:58 of 3rd period - Travis Konecny wins face-off versus Noel Acciari in Red Wings zone.
13:05 of 3rd period - Snap shot by Travis Konecny.
13:05 of 3rd period - Shot Misses the Net.
13:51 of 3rd period - Snap shot by Mark Scheifele.
13:51 of 3rd period - Stopped by Kevin Lankinen without a rebound.
13:52 of 3rd period - Mark Scheifele wins face-off versus Anthony Cirelli in Flyers zone.
13:53 of 3rd period - Snap shot by David Pastrnak.
13:53 of 3rd period - Shot Misses the Net.
14:26 of 3rd period - Jakub Vrana is hit by John Tavares and loses puck.
15:05 of 3rd period - Snap shot by Anthony Cirelli.
15:05 of 3rd period - Deflect By Martin Necas.
15:05 of 3rd period - Shot Misses the Net.
15:05 of 3rd period - Puck is out of play.
15:06 of 3rd period - Mark Scheifele wins face-off versus Martin Necas in Red Wings zone.
15:30 of 3rd period - Duncan Keith is hit by Martin Necas and loses puck.
15:47 of 3rd period - Wrist shot by Travis Konecny.
15:47 of 3rd period - Stopped by Marc-Andre Fleury without a rebound.
15:48 of 3rd period - Noel Acciari wins face-off versus Scott Laughton in Red Wings zone.
15:48 of 3rd period - Noel Acciari is hit by Scott Laughton.
15:56 of 3rd period - Jakub Vrana is hit by Zach Aston-Reese and loses puck.
16:22 of 3rd period - Snap shot by Zemgus Girgensons.
16:22 of 3rd period - Stopped by Kevin Lankinen with a rebound.
16:24 of 3rd period - Slapshot by Zemgus Girgensons.
16:24 of 3rd period - Shot Misses the Net.
16:26 of 3rd period - Snap shot by Noel Acciari.
16:26 of 3rd period - Deflect By Dylan Cozens.
16:26 of 3rd period - Shot Misses the Net.
16:26 of 3rd period - Puck is out of play.
16:27 of 3rd period - Mark Scheifele wins face-off versus Scott Laughton in Flyers zone.
16:36 of 3rd period - Slapshot by David Pastrnak.
16:36 of 3rd period - Stopped by Kevin Lankinen with a rebound.
16:38 of 3rd period - Wrist shot by Mark Scheifele.
16:38 of 3rd period - Stopped by Kevin Lankinen with a rebound.
16:40 of 3rd period - Snap shot by David Pastrnak.
16:40 of 3rd period - Stopped by Kevin Lankinen with a rebound.
16:42 of 3rd period - Snap shot by David Pastrnak.
16:42 of 3rd period - Stopped by Kevin Lankinen with a rebound.
16:44 of 3rd period - Slapshot by Dylan DeMelo.
16:44 of 3rd period - Deflect By Scott Laughton.
16:44 of 3rd period - Stopped by Kevin Lankinen with a rebound.
17:25 of 3rd period - Snap shot by Martin Necas.
17:25 of 3rd period - Stopped by Marc-Andre Fleury with a rebound.
17:27 of 3rd period - Snap shot by Martin Necas.
17:27 of 3rd period - Deflect By Travis Konecny.
17:27 of 3rd period - Stopped by Marc-Andre Fleury without a rebound.
17:28 of 3rd period - Noel Acciari wins face-off versus Scott Laughton in Red Wings zone.
17:37 of 3rd period - Slapshot by Zemgus Girgensons.
17:37 of 3rd period - Shot Blocked by MacKenzie Weegar.
17:41 of 3rd period - Snap shot by Zemgus Girgensons.
17:41 of 3rd period - Shot Blocked by Calle Jarnkrok.
17:43 of 3rd period - Wrist shot by Troy Stecher.
17:43 of 3rd period - Shot Misses the Net.
17:53 of 3rd period - Connor Brown is hit by Aaron Ekblad and loses puck.
18:41 of 3rd period - Slapshot by Noah Hanifin.
18:41 of 3rd period - Shot Blocked by Nico Sturm.
18:43 of 3rd period - Snap shot by Dylan Cozens.
18:43 of 3rd period - Shot Misses the Net.
18:53 of 3rd period - Patrik Nemeth is hit by Zemgus Girgensons and loses puck.
19:06 of 3rd period - Flyers, Kevin Lankinen is pulled from the net.
19:08 of 3rd period - Snap shot by Patrick Kane.
19:08 of 3rd period - Shot Misses the Net.
19:35 of 3rd period - Patrick Kane is hit by Duncan Keith and loses puck.
19:40 of 3rd period - Wrist shot by Zach Aston-Reese.
19:40 of 3rd period - Shot Misses the Net.
Goals for this period are 1 for Flyers vs 1 for Red Wings.
Shots for this period are 7 for Flyers vs 14 for Red Wings. Output by the SimonT Hockey Simulator (STHS) for Eric Tremblay - Original Page W3C HTML5 Valid
Hockey Simulator - Hockey Simulation - Hockey Manager